 Dungeon Sprint DCSS version 0.18-b1-16-g289874d (webtiles) character file.

160 Sphara the Martial Artist (level 9, -4/121 HPs)
             Began as a Merfolk Monk on May 1, 2016.
             Was a Priest of Cheibriados (penitent).
             Slain by the 27-headed Lernaean hydra (14 damage)
             ... in the Dungeon (Sprint VI: "Thunderdome").
             The game lasted 00:07:11 (497 turns).

Sphara the Martial Artist (Merfolk Monk)             Turns: 497, Time: 00:07:12

Health: -4/121     AC:  2    Str: 27    XL:     9   Next: 45%
Magic:  3/19       EV: 15    Int: 10    God:    Cheibriados [*]
Gold:   191        SH:  0    Dex: 20    Spells: 0 memorised, 8 levels left

rFire  + + .     SeeInvis .       - Unarmed
rCold  . . .     Gourm    .     a - +0 robe
rNeg   . . .     Faith    .     (no shield)
rPois  +         Spirit   .     (no helmet)
rElec  +         Dismiss  .     (no cloak)
rCorr  +         Reflect  .     (no gloves)
SustAt .         Harm     .     (no boots)
MR     .....     NoTele   +     r - amulet "Jeol" {+Rage Str+4}
Stlth  ..........               p - ring of Citoec {rElec rPois rF+ Str+4 Stlth-}
                                n - ring "Bunujoaz" {rCorr rPois rF+ Dex+4 Slay+3}

@: berserking, very slow, not resistant to hostile enchantments, extremely
unstealthy
A: change form in water, swift swim
a: Renounce Religion, Evoke Berserk Rage


You were in the Dungeon.
You worshipped Cheibriados.
Cheibriados was demanding penance.
You were not hungry.

You visited 1 branch You collected 440 gold pieces.
You spent 249 gold pieces at shops.

Inventory:

Armour
 a - a +0 robe (worn)
Jewellery
 m - the amulet "Uraeqiri" {Spirit rElec MR+++ Str+5 Slay-4}
   (You bought it in a shop in the Dungeon)

   [amulet of guardian spirit]

   It causes incoming damage to be split between your health and magic.
   It affects your strength (+5).
   It affects your accuracy and damage with ranged weapons and melee attacks
   (-4).
   It insulates you from electricity.
   It affects your resistance to hostile enchantments.
 n - the ring "Bunujoaz" (left hand) {rCorr rPois rF+ Dex+4 Slay+3}
   (You bought it in a shop in the Dungeon)

   [ring of resist corrosion]

   It affects your dexterity (+4).
   It affects your accuracy and damage with ranged weapons and melee attacks
   (+3).
   It protects you from fire.
   It protects you from poison.
 o - the ring of Agnosticism {rC+ Int+3}
   (You bought it in a shop in the Dungeon)

   [ring of protection from cold]

   It affects your intelligence (+3).
   It protects you from cold.
 p - the ring of Citoec (right hand) {rElec rPois rF+ Str+4 Stlth-}
   (You bought it in a shop in the Dungeon)

   [ring of protection from fire]

   It affects your strength (+4).
   It protects you from fire.
   It insulates you from electricity.
   It protects you from poison.
   It makes you less stealthy.
 r - the amulet "Jeol" (around neck) {+Rage Str+4}
   (You bought it in a shop in the Dungeon)

   [amulet of rage]

   It affects your strength (+4).
   It lets you go berserk.
Wands
 i - a wand of acid (0/15)
 j - a wand of iceblast (0/15)
Scrolls
 h - 3 scrolls of blinking
 k - 3 scrolls of fog
Potions
 c - a potion of curing
 d - 2 potions of heal wounds
 e - 4 potions of haste
 f - a potion of magic
 l - a potion of resistance
Comestibles
 b - a bread ration
 s - 3 royal jellies


   Skills:
 + Level 11.0 Fighting
 - Level 4.0 Dodging
 - Level 2.1 Stealth
 * Level 14.9 Unarmed Combat
 * Level 13.6 Invocations


You had 8 spell levels left.
You didn't know any spells.

Dungeon Overview and Level Annotations

Branches:
Dungeon (1/1)

Altars:
Cheibriados
Dithmenos
Fedhas
Gozag
Kikubaaqudgha
Makhleb
Okawaru
Pakellas
Qazlal
Ru
Sif Muna
Trog
Vehumet
Xom
Yredelemnul
Zin
The Shining One
Jiyva
Lugonu

Shops:
D *[%??*?*:[((!!!!

Annotations:
D Lernaean hydra


Message History

Cheibriados lowers the support of your attributes as your movement quickens.
You don't have enough magic at the moment.
Evoke which item? (* to show all) (? for menu, Esc to quit)
Zapping:
j - a wand of iceblast (1/15)
Press: ? - help, Shift-Dir - straight line, f - 27-headed Lernaean hydra
Aim: the 27-headed Lernaean hydra (moderately wounded)
The mass of ice explodes!
The iceblast engulfs the 27-headed Lernaean hydra.
The 27-headed Lernaean hydra is heavily wounded.
This wand has 0 charges left.
Drink which item? (? for menu, Esc to quit)
A red film seems to cover your vision as you go berserk!
Cheibriados thinks you should slow down.
You feel very guilty.
You can no longer inflict damage on those overly hasty.
Cheibriados lowers the support of your attributes as your movement quickens. "You will pay for your transgression, mortal!"
Cheibriados forces you to slow down.
You feel mighty! The 27-headed Lernaean hydra bites you!
You die...

######.8)........8.######
##∩_._......###.n...._._∩#
###∩........8)# #.8...)....∩
##........[....###.....4.....
#⌠..........###...###........
#⌠........[[# #.<.# #.......)
#⌠..........###...###........
##.............###...........
###∩.....).@8.# #.8........∩
##∩._.....D.###......___∩#
######.8.........8.######
#⌠...........⌠#
###.........### #_.....†._#
#_......._# #_......._#
#∩.......∩#


You could see the 27-headed Lernaean hydra.

Vanquished Creatures
  An orange demon (D)
  A spiny frog (D)
  2 hellwings (D)
  2 red devils (D)
  An ice devil (D)
  A bog body (D)
  2 wraiths (D)
  Blork the orc (D)
  An iguana (D)
  An orc wizard (D)
  A worker ant (D)
  An adder (D)
  3 orcs (D)
  2 spectral bats (D)
  A goblin (D)
  A giant newt (D)
  2 spectral giant cockroaches (D)
24 creatures vanquished.

Notes
Turn   | Place    | Note
--------------------------------------------------------------
     0 | D        | Sphara the Merfolk Monk began the quest for the Orb.
     0 | D        | Reached XP level 1. HP: 18/18 MP: 1/1
     1 | D        | Found a glowing golden altar of the Shining One.
     1 | D        | Found a radiant altar of Vehumet.
     2 | D        | Found a deep blue altar of Sif Muna.
     3 | D        | Found a sacrificial altar of Ru.
     4 | D        | Found an iron altar of Okawaru.
     4 | D        | Found an ancient bone altar of Kikubaaqudgha.
     4 | D        | Found an oddly glowing altar of Pakellas.
     4 | D        | Found Tonn's Staff Store.
     4 | D        | Found Poatyty's Magic Scroll Shop.
     5 | D        | Found Witow's Must-Have Magic.
     5 | D        | Found Jaotuell's Magic Scroll Shop.
     5 | D        | Round 1.
    14 | D        | Found Vader's Distillery.
    14 | D        | Found Yxacri's Distillery.
    15 | D        | Found Giefif's Bottled Wisdom.
    16 | D        | Found a viscous altar of Jiyva.
    16 | D        | Found a glowing silver altar of Zin.
    16 | D        | Found a corrupted altar of Lugonu.
    16 | D        | Found Fuvoug's Do-It-Yourself Clinic.
    20 | D        | Found a bloodstained altar of Trog.
    23 | D        | Noticed a worker ant
    23 | D        | Found a basalt altar of Yredelemnul.
    28 | D        | Killed a worker ant
    28 | D        | Reached skill level 6 in Unarmed Combat
    28 | D        | Reached XP level 2. HP: 26/26 MP: 2/2
    32 | D        | Found a snail-covered altar of Cheibriados.
    32 | D        | Found Meumu's Weapon Rack.
    33 | D        | Found Iruqeas's Basic Armour.
    33 | D        | Found Myahiot's Miscellaneous Merchandise.
    34 | D        | Found a blossoming altar of Fedhas.
    34 | D        | Found a shimmering altar of Xom.
    34 | D        | Found a shadowy altar of Dithmenos.
    34 | D        | Found Woets's Premium Goods.
    39 | D        | Became a worshipper of Cheibriados the Contemplative
    39 | D        | Reached * piety under Cheibriados
    39 | D        | Reached ** piety under Cheibriados
    54 | D        | Found a burning altar of Makhleb.
    54 | D        | Found Egych's Identification Station.
    54 | D        | Found Duny's Advanced Armour.
    55 | D        | Found Ezuc's Jewellery.
    60 | D        | Found Hosi's Bee Food.
    60 | D        | Found a stormy altar of Qazlal.
    60 | D        | Found an opulent altar of Gozag.
    67 | D        | Bought a serpentine graven amulet for 45 gold pieces
    67 | D        | Bought a smoking glass ring for 45 gold pieces
    67 | D        | Bought a sparkling bronze ring for 45 gold pieces
    67 | D        | Bought a twitching lead ring for 45 gold pieces
    67 | D        | Identified the amulet "Uraeqiri" {Spirit rElec MR+++ Str+5 Slay-4} (You bought it in a shop in the Dungeon)
    69 | D        | Identified the ring "Bunujoaz" {rCorr rPois rF+ Dex+4 Slay+3} (You bought it in a shop in the Dungeon)
    70 | D        | Identified the ring of Agnosticism {rC+ Int+3} (You bought it in a shop in the Dungeon)
    73 | D        | Identified the ring of Citoec {rElec rPois rF+ Str+4 Stlth-} (You bought it in a shop in the Dungeon)
    94 | D        | Reached skill level 5 in Fighting
    94 | D        | Reached skill level 7 in Unarmed Combat
    94 | D        | Reached XP level 3. HP: 26/33 MP: 2/4
   101 | D        | Reached XP level 4. HP: 32/39 MP: 2/6
   105 | D        | Arena points: 12 (+12) [x2]
   146 | D        | Round 2.
   151 | D        | Reached *** piety under Cheibriados
   175 | D        | Reached skill level 8 in Unarmed Combat
   192 | D        | Reached **** piety under Cheibriados
   245 | D        | Noticed Blork the orc
   249 | D        | Killed Blork the orc
   249 | D        | Arena points: 48 (+36) [x3]
   249 | D        | Reached skill level 9 in Unarmed Combat
   249 | D        | Reached skill level 5 in Invocations
   249 | D        | Reached XP level 5. HP: 25/47 MP: 7/9
   278 | D        | Round 3.
   280 | D        | Noticed a wraith
   281 | D        | Reached ***** piety under Cheibriados
   287 | D        | Noticed a wraith
   293 | D        | Killed a wraith
   293 | D        | Reached skill level 10 in Unarmed Combat
   293 | D        | Reached XP level 6. HP: 36/55 MP: 9/12
   320 | D        | Killed a wraith
   320 | D        | Arena points: 132 (+84) [x4]
   320 | D        | Reached skill level 11 in Unarmed Combat
   320 | D        | Reached XP level 7. HP: 47/62 MP: 13/13
   330 | D        | Bought a scintillating ruby amulet for 45 gold pieces
   330 | D        | Identified the amulet "Jeol" {+Rage Str+4} (You bought it in a shop in the Dungeon)
   332 | D        | Bought 3 royal jellies for 24 gold pieces
   337 | D        | Round 4.
   352 | D        | Noticed a red devil
   353 | D        | Noticed a hellwing
   374 | D        | Killed a hellwing
   374 | D        | Reached skill level 12 in Unarmed Combat
   374 | D        | Reached skill level 10 in Invocations
   385 | D        | Noticed a hellwing
   390 | D        | Killed a hellwing
   390 | D        | Reached XP level 8. HP: 47/71 MP: 9/16
   391 | D        | Killed a red devil
   391 | D        | Reached skill level 13 in Unarmed Combat
   408 | D        | Noticed an orange demon
   409 | D        | Noticed a red devil
   413 | D        | Noticed an ice devil
   417 | D        | HP: 3/72 [red devil/trident (11)]
   425 | D        | Killed a red devil
   425 | D        | Reached skill level 10 in Fighting
   438 | D        | Noticed an orange demon
   444 | D        | Killed an ice devil
   444 | D        | Killed an orange demon
   444 | D        | Reached skill level 14 in Unarmed Combat
   444 | D        | Reached XP level 9. HP: 26/79 MP: 18/18
   447 | D        | Arena points: 160 (+28) [x1]
   456 | D        | Round 5.
   491 | D        | Noticed the 27-headed Lernaean hydra
   493 | D        | Noticed a spiny frog
   494 | D        | Killed a spiny frog
   497 | D        | Was placed under penance by Cheibriados
   497 | D        | Slain by the 27-headed Lernaean hydra

Skill      XL: |  1  2  3  4  5  6  7  8  9 |
---------------+----------------------------+-----
Fighting       | 4 5 6 7 8 9 10 11 | 11.0
Unarmed Combat | 6 7 9 10 11 12 14 | 14.9
Invocations    | 2 3 5 8 9 11 13 | 13.6
Dodging        | |  4.0
Stealth        | |  2.1

Action                   |  1- 3 |  4- 6 |  7- 9 || total
-------------------------+-------+-------+-------++-------
Melee: Unarmed           |     5 |    32 |    17 ||    54
       Punch             |       |     2 |     4 ||     6
Invok: Slouch            |       |       |     9 ||     9
Evoke: Wand              |     3 |     3 |     4 ||    10
  Use: Potion            |       |       |     4 ||     4
       Scroll            |       |       |     1 ||     1
 Stab: Distracted        |       |       |     1 ||     1
Armor: Robe              |       |     1 |     2 ||     3
Dodge: Dodged            |     6 |    24 |    18 ||    48
